Description

Proxy Oracle build order vs very economic focused openings. If your opponent opened sentry stalker and has no proxy, this is the build order for you. If your opponent went stalker stalker and has a proxy pylon, this build order will lose to that, so make sure you keep that in mind.

VOD

https://www.youtube.com/watch?v=d1uDoY3dbUE

Replay - PvP Proxy Oracle vs Sentry Stalker opener build order

Build Order

Get SALT Encoding   

  12  0:02  Probe  
  14  0:14  Probe  
  14  0:17  Pylon  
  14  0:26  Probe (Chrono Boost)  
  15  0:37  Gateway  
  15  0:38  Probe (Chrono Boost)  
  16  0:45  Probe (Chrono Boost)  
  17  0:50  Assimilator  
  17  0:52  Probe (Chrono Boost)  
  18  0:58  Assimilator  
  18  1:04  Probe (Chrono Boost)  
  18  1:09  Gateway  
  19  1:13  Probe (Chrono Boost)  
  20  1:19  Probe  
  21  1:25  Cybernetics Core  
  21  1:31  Probe  
  22  1:40  Pylon  
  24  2:02  Stargate  
  24  2:04  Stalker  
  26  2:13  Stalker  
  29  2:20  Warp Gate  
  29  2:22  Pylon  
  29  2:45  Oracle (Chrono Boost)  
  32  3:01  Nexus  
  32  3:04  Pylon  
  33  3:18  Oracle (Chrono Boost)  
  38  3:36  Twilight Council  
  40  3:56  Forge  
  40  4:03  Shield Battery  
  40  4:09  Blink (Chrono Boost), Stalker  
  44  4:22  Stalker  
  49  4:36  Protoss Ground Weapons Level 1 (Chrono Boost)  
  49  4:43  Pylon  
  51  4:49  Assimilator x2  
  51  4:51  Stalker  
  55  5:01  Stalker  
  58  5:12  Gateway x2  
  60  5:24  Stalker  
  64  5:34  Stalker  
  70  5:53  Nexus  
  70  6:06  Charge  
  70  6:09  Templar Archives  
  72  6:18  Gateway x3  
  72  6:27  Gateway  
  72  6:33  Sentry  
  72  6:34  Robotics Facility  
  74  6:42  Zealot x3  
  80  6:57  Zealot  
  82  7:08  Zealot x3  
  84  7:14  Zealot x2  
  92  7:18  High Templar x2  
  96  7:22  Archon  
  96  7:23  Zealot  
  96  7:29  High Templar x2  
  104  7:45  High Templar x2  
Spawning Tool Build Advisor. Get it on Overwolf

Go to:

Details

  • Created by: kappadar
  • Published on: Jun 14, 2020
  • Modified on: Oct 01, 2020
  • Patch: 4.11.0
  • Difficulty: Medium
Show
View Real Time Build Order
Export as new Build Order

Comments (0)

There are no comments. Be the first!

Create an account to comment!